Construct Infanterie Kompanie
Selects Italian Coastal Battlegroup
Construct Panzergrenadier Kompanie
Construct Luftwaffe Kompanie
Flak 30 Anti-aircraft Gun Team
Selects Designate Defensive Line
Selects Designated Artillery Overwatch
Designated Artillery Overwatch
Luftwaffe Officer Quarters
Infanterie Officer Quarters
Construct Panzergrenadier Kompanie
Selects Artillery Officer
Nebelwerfer 42 Rocket Launcher Team
Marder III M Tank Destroyer
Designated Artillery Overwatch
Marder III M Tank Destroyer